 Dungeon Crawl Stone Soup version 0.32-a0-643-ga006e7742e (webtiles) character file.

Game seed: 3535276750932684388

20 Malificent the Charlatan (level 2, -4/21 HPs)
             Began as a Coglin Artificer on Mar 7, 2024.
             Slain by a cerulean imp
             ... wielding a +2 spear
             ... summoned by Natasha
              (5 damage)
             ... on level 2 of the Dungeon.
             The game lasted 00:03:23 (912 turns).

Malificent the Charlatan (Coglin Artificer)          Turns: 912, Time: 00:03:24

Health: -4/21      AC:  3    Str: 12    XL:     2   Next: 79%
Magic:  0/0        EV: 11    Int: 10    God:
Gold:   63         SH:  0    Dex: 14    Spells: 1/1 levels left

rFire   . . .        h - +0 demon trident (antimagic) {Tomás}
rCold   . . .        k - +0 spear {Choonhe}
rNeg    . . .        b - +0 leather armour
rPois   .            (no helmet)
rElec   .            (no cloak)
rCorr   .            (no gloves)
SInv    .            (no boots)
Will    .....        (amulet unavailable)
Stlth   +            (ring unavailable)
HPRegen 0.23/turn    (ring unavailable)
MPRegen 0.07/turn    (no gizmo)

%: no passive effects
@: confused, ambrosia-drunk, revving
A: off-hand wielding, slow wielding, warmup strikes, no jewellery
a: Invent Gizmo


You were on level 2 of the Dungeon.
You visited 1 branch of the dungeon, and saw 2 of its levels.

You collected 63 gold pieces.

Inventory:

Hand Weapons
 a - a +0 club {Chisato}
 f - a +0 dagger {Fusazane}
 h - a +0 antimagic demon trident (weapon) {Tomás}
 k - a +0 spear (offhand) {Choonhe}
Armour
 b - a +0 leather armour (worn)
 g - a +0 tower shield
Wands
 c - a wand of flame (14) (quivered)
 d - a wand of charming (15)
 e - a wand of iceblast (5)
Potions
 i - a potion of enlightenment
 j - a potion of curing {unknown}


   Skills:
 + Level 1.2 Fighting
 + Level 2.0 Armour
 + Level 1.0 Dodging
 + Level 0.7 Stealth
 * Level 4.9 Evocations


You had one spell level left.
You didn't know any spells.
Your spell library contained the following spells:

 Spells                   Type           Power      Damage    Failure   Level
 Anguish                  Hex/Necr       0%         N/A       99%         4
 Cause Fear               Hex            0%         N/A       99%         4
 Enfeeble                 Hex            0%         N/A       100%        7


Dungeon Overview and Level Annotations

Branches:
Dungeon (2/15)

Altars:

Annotations:
D:2 Natasha


Innate Abilities, Weirdness & Mutations

You can wield a second weapon in your off-hand.
It takes a long time for you to wield or remove held weapons.
Your first few attacks do less damage.
You cannot equip rings or amulets.


Message History

You cannot attack while caught in a web.
You cannot attack while caught in a web.
You struggle to detach yourself from the web.
Natasha mumbles some strange words.
The web tears apart.
The ribbon worm bites you but does no damage.
Reach: h) +0 demon trident (antimagic) {Tomás}
Press: ? - help, Dir - move target, f/p - ribbon worm
Aim: a ribbon worm (about 24% to evade your +0 antimagic demon trident)
You hit the ribbon worm with your +0 spear.
The ribbon worm is lightly wounded.
You hit the ribbon worm with your +0 antimagic demon trident.
The cerulean imp barely misses you. The ribbon worm bites you.
The ribbon worm bites you. Natasha casts a spell at you.
You resist with significant effort.
The cerulean imp hits you from afar with a +2 spear.
Natasha casts a spell at you. You resist with significant effort.
The ribbon worm expels a string of sticky webbing.
The stream of webbing misses you.
You hit Natasha with your +0 antimagic demon trident.
Natasha's magic leaks into the air.
Natasha is lightly wounded.
You barely miss Natasha with your +0 spear.
Natasha claws you.
You barely miss Natasha with your +0 antimagic demon trident.
Natasha is lightly wounded.
You closely miss Natasha with your +0 spear.
Natasha's magic is no longer disrupted.
Natasha claws you.
You hit Natasha but do no damage.
Natasha is lightly wounded.
You barely miss Natasha with your +0 antimagic demon trident.
Natasha claws you.
* * * LOW HITPOINT WARNING * * *
You are confused.
You feel invigorated. Natasha barely misses you. The ribbon worm bites you.
* * * LOW HITPOINT WARNING * * *
The cerulean imp hits you from afar with a +2 spear.
You die...

### ##... .#
..#......##...
#.#.##.......#
#.#.##........
#......# #.#.##.#
#.#.##5## #.. #<.#
#wh# #...##..#
##@#####
#.......###......#
#..#...........#.#
#....#.......#...##.
#......#...#........
#........#.......###
#........#.......#
#......#...#.....#
....#.......#...#


You could see a ribbon worm, Natasha and a cerulean imp (summoned).

Vanquished Creatures
  A bat (D:1)
  2 endoplasms (D:1)
  A giant cockroach (D:1)
  A goblin (D:1)
  A hobgoblin (D:1)
  2 quokkas
  3 ball pythons (D:1)
  2 frilled lizards (D:1)
  2 kobolds (D:1)
  4 rats (D:1)
19 creatures vanquished.

Notes
Turn   | Place    | Note
-------+----------+-------------------------------------------
     0 | D:1      | Malificent the Coglin Artificer began the quest for the
                  | Orb.
     0 | D:1      | Reached XP level 1. HP: 15/15 MP: 1/1
   353 | D:1      | Reached XP level 2. HP: 21/21 MP: 2/2
   654 | D:1      | Reached skill level 1 in Dodging
   863 | D:2      | Identified a scroll of acquirement
   863 | D:2      | Acquired a +0 antimagic demon trident
   898 | D:2      | Noticed Natasha
   912 | D:2      | HP: 1/21 [ribbon worm (6)]
   912 | D:2      | Slain by a cerulean imp

Illustrated notes

Levels and vault maps discovered:
D:1:      sevenhm_arrival_forest_fort_small_3, layout_basic
D:2:      layout_basic, minmay_misc_feat_more_columns, uniq_natasha

Skill      XL: |  1  2 |
---------------+-------+-----
Armour         | 2 |  2.0
Dodging        | 1 |  1.0
Fighting       | |  1.2
Stealth        | |  0.7
Evocations     | |  4.9

Action                     || total
---------------------------++-------
  Melee: Club              ||    55
         Dagger            ||    52
         Spear             ||     5
         Demon trident     ||     5
  Evoke: Wand              ||     1
    Use: Scroll            ||     4
         Potion            ||     1
   Stab: Sleeping          ||     1
 Armour: Leather armour    ||    38
  Dodge: Dodged            ||    34

Table legend: (Time is in decaauts)
 A = Elapsed time spent in this place.
 B = Non-inter-level travel time spent in this place.
 C = Inter-level travel time spent in this place.
 D = Time resting spent in this place.
 E = Time spent auto-exploring this place.
 F = Levels seen in this place.
 G = Mean time per level.
                   A        B        C        D        E       F      G
               +--------+--------+--------+--------+--------+-----+--------+
         Total |    921 |    897 |     24 |     87 |    568 |   2 |  460.5 |
       Dungeon |    921 |    897 |     24 |     87 |    568 |   2 |  460.5 |
               +--------+--------+--------+--------+--------+-----+--------+

Top non-repeatable levels by time:
     D:1: 852 daAuts
     D:2: 68 daAuts
